 Dungeon Crawl Stone Soup version 0.28-b1-25-g9875b3fc8c (webtiles) character file.

Game seed: 7669973023516641882

123 sanka the Magician (level 4, 0/24 HPs)
             Began as a Deep Elf Transmuter on Feb 8, 2022.
             Slain by an adder (1 damage)
             ... on level 3 of the Dungeon.
             The game lasted 00:07:33 (3295 turns).

sanka the Magician (Deep Elf Transmuter)            Turns: 3295, Time: 00:07:33

Health: 0/24       AC:  3    Str:  7    XL:     4   Next: 79%
Magic:  13/13      EV: 12    Int: 20    God:
Gold:   125        SH:  0    Dex: 15    Spells: 9/13 levels left

rFire   . . .      SeeInvis .     - Unarmed
rCold   . . .      Faith    .   (no shield)
rNeg    . . .      Spirit   .   a - +0 robe
rPois   .          Reflect  .   n - +0 helmet
rElec   .          Harm     .   (no cloak)
rCorr   .          Rampage  .   (no gloves)
Will    .....                   (no boots)
Stlth   +.........              (no amulet)
HPRegen 0.08/turn               (no ring)
MPRegen 0.13/turn               (no ring)

@: lethally poisoned (0 -> -1), attractive, very slow
A: no striking features
a: no special abilities


You were on level 3 of the Dungeon.
You visited 1 branch of the dungeon, and saw 3 of its levels.

You collected 125 gold pieces.

Inventory:

Armour
 a - a +0 robe (worn)
 n - a +0 helmet (worn)
Jewellery
 b - a ring of magical power
Scrolls
 c - a scroll of immolation
 d - a scroll of blinking {unknown}
 e - a scroll of brand weapon {unknown}
 f - a scroll of amnesia
 g - a scroll of fog {unknown}
 h - a scroll of identify {unknown}
 i - a scroll of noise {unknown}
 j - a scroll of magic mapping {unknown}
 o - a scroll of enchant armour {unknown}
Potions
 k - a potion of flight {unknown}
 l - a potion of curing {unknown}
 m - a potion of attraction


   Skills:
 - Level 0.7 Fighting
 - Level 2.4 Dodging
 - Level 2.4 Unarmed Combat
 - Level 5.0 Spellcasting
 + Level 2.4 Conjurations
 - Level 2.1 Transmutations
 - Level 2.0 Fire Magic
 - Level 1.2 Earth Magic


You had 9 spell levels left.
You knew the following spells:

 Your Spells              Type           Power      Damage    Failure   Level
b - Foxfire               Conj/Fire      52%        2x1d6     4%          1
c - Stone Arrow           Conj/Erth      24%        3d8       17%         3

Your spell library contained the following spells:

 Spells                   Type           Power      Damage    Failure   Level
 Beastly Appendage        Tmut           26%        N/A       4%          1
 Wereblood                Tmut           13%        N/A       7%          2
 Conjure Flame            Conj/Fire      13%        6-21      14%         3
 Inner Flame              Hex/Fire       9%         N/A       22%         3
 Spider Form              Tmut/Pois      9%         N/A       22%         3
 Flame Wave               Conj/Fire      13%        2d6       43%         4
 Ice Form                 Ice/Tmut       9%         N/A       58%         4
 Animate Armour           Summ/Erth      14%        N/A       65%         4
 Lehudib's Crystal Spear  Conj/Erth      6%         10d3      100%        8


Dungeon Overview and Level Annotations

Branches:
Dungeon (3/15)

Altars:


Message History

Confirm with . or Enter, or press ? or * to list all spells.
You conjure some foxfire!
You feel sick.
The foxfire hits the adder.
The adder is lightly wounded.
The foxfire hits the adder.
The adder is severely wounded.
The adder is engulfed in a cloud of scalding steam.
You kill the adder!
Training target 2.0 for Fire Magic reached!
Your Fire Magic skill increases to level 2!
Unknown command.
Unknown command.
You feel sick.
You feel sick.
Your foxfire dissipates!
Unknown command.
You start resting.
You feel sick.
You are no longer poisoned.
Your foxfire dissipates!
Unknown command.
You start resting.
Magic restored.
You start resting.
You hear the rapid rusting of a drain.
You enter the shallow water.
Moving in this stuff is going to be slow.
A rat and an adder come into view.
The adder hisses angrily.
The adder barely misses you. The adder bites you.
You are poisoned.
The adder poisons you!
You feel sick. The adder bites you but does no damage. The adder bites you.
* * * LOW HITPOINT WARNING * * *
* * * LOW HITPOINT WARNING * * *
You feel sick. The adder bites you but does no damage.
It was a potion of attraction.
You feel attractive to monsters.
* * * LOW HITPOINT WARNING * * *
You feel sick. The adder bites you.
You die...

#...###...##.........###...
##.## ##.####.......# ...#
##.###.## ##>....###.#.###.
##.#.## ##..............
##.## #....≈.....### #.#
#..≈≈≈≈≈.≈.# #.#
#####≈#≈#≈≈# #.######
#≈≈≈≈≈≈≈≈≈# #.##...##
#@######### #.#.....##
#≈Sr≈≈≈#
#........######≈#≈#
##.........#≈r≈≈#
#.......###≈##≈# ##.....##
# ≈≈# ##...## ≈## ##### #≈
#≈


You could see an adder and a rat.

Vanquished Creatures
  Robin (D:3)
  4 adders
  A worm (D:2)
  2 dart slugs (D:1)
  An orc (D:3)
  2 ball pythons
  6 bats
  3 endoplasms
  3 giant cockroaches
  11 goblins
  10 hobgoblins
  4 jackals (D:2)
  4 kobolds
  3 quokkas
  3 frilled lizards
  3 rats
61 creatures vanquished.

Vanquished Creatures (others)
  156 foxfires
156 creatures vanquished.

Grand Total: 217 creatures vanquished

Notes
Turn   | Place    | Note
-------+----------+-------------------------------------------
     0 | D:1      | sanka the Deep Elf Transmuter began the quest for the Orb.
     0 | D:1      | Reached XP level 1. HP: 11/11 MP: 6/6
   422 | D:1      | Reached skill level 4 in Spellcasting
   422 | D:1      | Reached XP level 2. HP: 15/16 MP: 7/9
   725 | D:1      | Learned a level 1 spell: Foxfire
   979 | D:1      | Found a faded altar of an unknown god.
  1583 | D:2      | Reached XP level 3. HP: 19/20 MP: 6/11
  1624 | D:2      | Learned a level 3 spell: Stone Arrow
  1686 | D:2      | Reached skill level 1 in Conjurations
  1925 | D:2      | Reached skill level 1 in Earth Magic
  2135 | D:2      | Reached XP level 4. HP: 24/24 MP: 4/12
  2705 | D:3      | Reached skill level 1 in Fire Magic
  2724 | D:3      | Reached skill level 5 in Spellcasting
  2855 | D:3      | Noticed Robin
  3015 | D:3      | Killed Robin
  3295 | D:3      | HP: 1/24 [poisoned by an adder]
  3295 | D:3      | Slain by an adder

Illustrated notes

Levels and vault maps discovered:
D:1:      minmay_arrival_diagonal_passages, layout_basic,
          dreamdust_ecumenical_altar_statues, grunt_decor_one_mirror,
          roderic_serpentine_path
D:2:      layout_basic
D:3:      layout_loops_corners, lightli_sewer_entry_pipes, kennysheep_potato,
          uniq_robin

Skill      XL: |  1  2  3  4 |
---------------+-------------+-----
Spellcasting   | 4 5 |  5.0
Conjurations   | 1 2 |  2.4
Earth Magic    | 1 |  1.2
Fire Magic     | 2 |  2.0
Fighting       | |  0.7
Dodging        | |  2.4
Unarmed Combat | |  2.4
Transmutations | |  2.1

Action                   |  1- 3 |  4- 6 || total
-------------------------+-------+-------++-------
Melee: Unarmed           |    43 |     1 ||    44
       Kick              |    16 |       ||    16
       Headbutt          |     6 |       ||     6
 Cast: Beastly Appendage |    13 |       ||    13
       Foxfire           |    49 |    41 ||    90
  Use: Scroll            |       |     2 ||     2
       Potion            |       |     1 ||     1
 Stab: Sleeping          |     2 |       ||     2
Armor: Robe              |     9 |     4 ||    13
Dodge: Dodged            |    26 |    10 ||    36
